 Dungeon Crawl Stone Soup version 0.28-a0-1080-g05a166d0ed (webtiles) character file.

Game seed: 8777795024913946188

4853 mcbry74 the Cleaver (level 10, -6/86 HPs)
             Began as a Hill Orc Fighter on Dec 9, 2021.
             Was an Elder of Okawaru.
             Killed from afar by a lindwurm (9 damage)
             ... with a blast of flame
             ... on level 8 of the Dungeon.
             The game lasted 00:22:56 (8664 turns).

mcbry74 the Cleaver (Hill Orc Fighter)              Turns: 8664, Time: 00:22:57

Health: -6/86      AC: 12    Str: 20    XL:     10   Next: 49%
Magic:  14/14      EV:  7    Int: 10    God:    Okawaru [****..]
Gold:   509        SH:  6    Dex: 15    Spells: 9/9 levels left

rFire   + + .      SeeInvis .   m - +7 broad axe "Woveov" {drain, rF+ Dex+3}
rCold   . . .      Faith    .   c - +0 buckler
rNeg    . . .      Spirit   .   F - +0 shadow dragon scales
rPois   .          Reflect  .   (no helmet)
rElec   .          Harm     .   A - scarf {shadows}
rCorr   .          Rampage  .   (no gloves)
Will    .....                   (no boots)
Stlth   ++........              (no amulet)
HPRegen 0.24/turn               s - ring of protection from fire
MPRegen 0.14/turn               y - ring of flight

@: flying
A: no striking features
a: Renounce Religion, Heroism, Finesse


You were on level 8 of the Dungeon.
You worshipped Okawaru.
Okawaru was greatly pleased with you.
You visited 2 branches of the dungeon, and saw 9 of its levels.
You also visited: Sewer and Ossuary.

You collected 509 gold pieces.

Inventory:

Hand Weapons
 a - a +0 war axe
 m - the +7 broad axe "Woveov" (weapon) {drain, rF+ Dex+3}
   (You acquired it on level 4 of the Dungeon)

   A truly terrible weapon, it drains the life of any living foe it strikes.
   Dex:       It affects your dexterity (+3).
   rF:        It protects you from fire.
 D - a +4 rapier of flaming
Missiles
 e - 110 sling bullets
 h - 35 poisoned darts (quivered)
 p - 3 javelins
 C - 4 boomerangs
Armour
 b - a +0 scale mail
 c - a +0 buckler (worn)
 z - a +0 tower shield
 A - a scarf of shadows (worn)
 F - +0 shadow dragon scales (worn)
Jewellery
 s - a ring of protection from fire (left hand)
 u - a +6 ring of intelligence
 y - a ring of flight (right hand)
 Q - a ring of resist corrosion
Wands
 n - a wand of iceblast (10)
 v - a wand of charming (11)
 H - a wand of flame (30)
 P - a wand of digging (4)
Scrolls
 i - 2 scrolls of enchant armour
 l - a scroll of amnesia
 o - 3 scrolls of fear
 q - 6 scrolls of teleportation {unknown}
 r - 2 scrolls of enchant weapon {unknown}
 t - 2 scrolls of vulnerability {unknown}
 x - a scroll of summoning {unknown}
 J - a scroll of holy word {unknown}
 K - 2 scrolls of immolation {unknown}
 L - 3 scrolls of blinking {unknown}
 N - a scroll of fog {unknown}
 O - a scroll of brand weapon {unknown}
Potions
 d - 2 potions of might
 f - 3 potions of curing
 g - a potion of heal wounds {unknown}
 j - 7 potions of mutation
 k - 3 potions of haste
 w - 4 potions of flight
 B - 3 potions of brilliance
 E - 2 potions of ambrosia
 G - a potion of invisibility {unknown}
 I - a potion of lignification {unknown}
 M - 2 potions of cancellation {unknown}


   Skills:
 + Level 7.0 Fighting
 + Level 11.9 Axes
 + Level 4.5 Throwing
 + Level 6.5 Armour
 + Level 6.5 Shields
 + Level 5.4 Invocations
 + Level 4.8 Evocations


You had 9 spell levels left.
You didn't know any spells.
Your spell library contained the following spells:

 Spells                   Type           Power      Damage    Failure   Level
 Pain                     Necr           0%         1d4       97%         1
 Sublimation of Blood     Necr           0%         N/A       99%         2
 Wereblood                Tmut           0%         N/A       99%         2
 Conjure Flame            Conj/Fire      0%         6-21      100%        3
 Frozen Ramparts          Ice            0%         1d2       100%        3
 Gell's Gravitas          Tloc           0%         N/A       100%        3
 Ignite Poison            Fire/Tmut/Pois 0%         N/A       100%        3
 Portal Projectile        Hex/Tloc       0%         N/A       100%        3
 Teleport Other           Tloc           0%         N/A       100%        3
 Vampiric Draining        Necr           0%         2d6       100%        3
 Ice Form                 Ice/Tmut       0%         N/A       100%        4
 Leda's Liquefaction      Hex/Erth       0%         N/A       100%        4
 Sticky Flame             Conj/Fire      0%         2d3       100%        4
 Fireball                 Conj/Fire      0%         3d3       100%        5
 Iskenderun's Battlesphe  Conj           0%         2d6       100%        5
 Conjure Ball Lightning   Conj/Air       0%         3x3d6     100%        6
 Dispersal                Tloc           0%         N/A       100%        6
 Orb of Destruction       Conj           0%         N/A       100%        7
 Animate Skeleton         Necr           Unusable   N/A       N/A         1
 Call Canine Familiar     Summ           Unusable   N/A       N/A         3
 Summon Ice Beast         Ice/Summ       Unusable   N/A       N/A         4
 Summon Hydra             Summ           Unusable   N/A       N/A         7

Dungeon Overview and Level Annotations

Branches:
Dungeon (8/15)             Temple (1/1) D:5           Sewer (visited)
Ossuary (visited)
   Lair: D:8-11

Altars:
Ashenzari
Dithmenos
Elyvilon
Fedhas
Gozag
Kikubaaqudgha
Makhleb
Nemelex Xobeh
Okawaru
Qazlal
Ru
Sif Muna
Trog
Uskayaw
Vehumet
Wu Jian
Xom
Yredelemnul
Zin

Shops:
D:2 =   D:6 ?

Annotations:
D:2 1 runed translucent door, Crazy Yiuf


Message History

The lindwurm bites you.
The lindwurm claws you but does no damage.
The lindwurm barely misses you.
You hit the lindwurm but do no damage. You drain the lindwurm.
The lindwurm is moderately wounded.
You block the lindwurm's attack. x2
The lindwurm claws you but does no damage.
You slash the lindwurm! You drain the lindwurm.
The lindwurm is severely wounded.
The lindwurm breathes flames at you. The blast of flame hits you. You resist.
You slash the lindwurm! You drain the lindwurm.
You kill the lindwurm!
Okawaru accepts your kill.
Your Fighting skill increases to level 7!
You hit the lindwurm.
The lindwurm is lightly wounded.
The lindwurm bites you! The lindwurm claws you.
You block the lindwurm's attack.
You hit the lindwurm.
The lindwurm is moderately wounded.
The lindwurm breathes flames at you. The blast of flame hits you! You resist.
You hit the lindwurm.
The lindwurm is moderately wounded.
The lindwurm bites you!
* * * LOW HITPOINT WARNING * * *
The lindwurm claws you!
* * * LOW HITPOINT WARNING * * *
The lindwurm claws you.
* * * LOW HITPOINT WARNING * * *
Okay, then.
Okay, then.
You feel better. The lindwurm breathes flames at you.
The blast of flame hits you! You resist.
* * * LOW HITPOINT WARNING * * *
The lindwurm breathes flames at you. The blast of flame hits you! You resist.
You die...

##...≈≈≈≈≈≈§##?)[!##.§§§§≈≈....
##.§≈§≈§≈≈.##k[>!##.≈≈§§≈≈....
###...≈≈§§§..#.k?.#§§≈≈§≈≈..#..
###.....≈≈≈≈§≈..####§§≈≈≈≈§≈.....
........≈§§≈≈≈.k.##..§§≈§≈§≈.....
####.##..§§§§≈§≈kk§.§≈§≈§§§......
#..##..≈§§≈≈§≈≈§§§≈≈§≈≈§§.....#
#.####..§≈≈≈≈≈≈§§§§§≈§§§§.....#
##.# #...≈≈≈§§@§≈≈≈≈≈≈≈........
#.## ##...≈≈≈§≈§≈≈≈≈≈≈§...##...
#.# ##....≈≈≈≈≈≈≈≈......####.
####### #........≈≈.....#....# ##
......###...........#####....###.
####.......#..........###........
# ####...###....................
# ##..####................... ##
###..###..........###......


You could see 3 lindwurms.

Vanquished Creatures
  A two-headed ogre (D:8)
  A lindwurm (D:8)
  A troll (D:6)
  A hornet (D:8)
  Sigmund (D:4)
  Eustachio (D:5)
  3 water moccasins
  An acid dragon (D:8)
  A hornet zombie (D:5)
  An orc warrior (D:8)
  2 ice beasts
  3 sky beasts
  A necrophage (D:6)
  An ogre (D:7)
  3 elf zombies (Ossuary)
  2 bullfrogs
  A wyvern zombie (D:6)
  A scorpion (D:5)
  A wyvern skeleton (D:7)
  4 killer bees (D:8)
  A howler monkey (D:6)
  2 centaur zombies
  A human zombie (Ossuary)
  3 orc priests
  2 bullfrog skeletons
  A centaur skeleton (D:4)
  5 hounds
  2 iguanas
  5 orc wizards
  A killer bee zombie (D:8)
  4 mummies (Ossuary)
  3 adders
  7 gnolls
  A white imp (D:8)
  An ufetubus (D:5)
  An adder zombie (D:5)
  3 worms
  2 dart slugs
  22 orcs
  16 bats
  7 endoplasms
  9 giant cockroaches
  4 goblins
  2 hobgoblins
  8 jackals
  9 kobolds
  10 quokkas
  7 ball pythons
  7 frilled lizards
  2 goblin zombies (Ossuary)
  3 hobgoblin zombies (Ossuary)
  3 orc zombies (Ossuary)
  A quokka zombie (D:7)
  13 rats
  A rat zombie (D:7)
200 creatures vanquished.

Notes
Turn   | Place    | Note
-------+----------+-------------------------------------------
     0 | D:1      | mcbry74 the Hill Orc Fighter began the quest for the Orb.
     0 | D:1      | Reached XP level 1. HP: 19/19 MP: 1/1
     8 | D:1      | You fall into a shaft and drop 1 floor!
    14 | D:2      | Reached skill level 3 in Axes
    15 | D:2      | Found Huanas's Jewellery Shop.
    58 | D:2      | Reached XP level 2. HP: 25/26 MP: 2/2
   285 | D:2      | Reached skill level 4 in Axes
   468 | D:2      | Found a runed translucent door.
   469 | D:2      | Noticed Crazy Yiuf
   702 | D:1      | Reached XP level 3. HP: 31/31 MP: 3/3
   704 | D:1      | Found a faded altar of an unknown god.
   959 | D:1      | Reached skill level 5 in Axes
  1644 | D:3      | Reached XP level 4. HP: 31/39 MP: 4/4
  1650 | D:3      | Reached skill level 6 in Axes
  2221 | D:3      | Found an opulent altar of Gozag.
  2226 | D:3      | Found a blossoming altar of Fedhas.
  2233 | D:3      | Found a white marble altar of Elyvilon.
  2666 | D:4      | Identified a scroll of acquirement
  2666 | D:4      | Acquired the +7 broad axe "Woveov" {drain, rF+ Dex+3}
  2685 | D:4      | Reached XP level 5. HP: 44/45 MP: 5/5
  2690 | D:4      | Reached skill level 7 in Axes
  2824 | D:4      | Noticed Sigmund
  2827 | D:4      | Killed Sigmund
  2828 | D:4      | Reached skill level 9 in Axes
  2828 | D:4      | Reached XP level 6. HP: 50/51 MP: 6/6
  2952 | D:4      | Found a glowing drain.
  2963 | D:4      | Reached XP level 7. HP: 45/57 MP: 7/7
  2966 | Sewer    | Entered a sewer
  3504 | D:4      | Reached skill level 10 in Axes
  3886 | D:5      | Entered Level 5 of the Dungeon
  3892 | D:5      | Noticed Eustachio
  3902 | D:5      | Killed Eustachio
  4001 | D:5      | Reached skill level 1 in Throwing
  4001 | D:5      | Reached skill level 1 in Evocations
  4167 | D:5      | Found a glowing silver altar of Zin.
  4225 | D:5      | Found a staircase to the Ecumenical Temple.
  4233 | Temple   | Entered the Ecumenical Temple
  4309 | Temple   | Became a worshipper of Warmaster Okawaru
  4399 | D:5      | Reached XP level 8. HP: 29/67 MP: 8/8
  4998 | D:5      | Reached * piety under Okawaru
  5322 | D:6      | Reached skill level 5 in Fighting
  5327 | D:6      | Reached skill level 1 in Invocations
  5364 | D:6      | Noticed a troll
  5372 | D:6      | Killed a troll
  5372 | D:6      | Reached ** piety under Okawaru
  5373 | D:6      | Reached XP level 9. HP: 72/74 MP: 10/10
  5587 | D:6      | Reached skill level 5 in Armour
  5587 | D:6      | Reached skill level 5 in Shields
  5712 | D:6      | Found Irouhy Byari's Magic Scroll Boutique.
  5753 | D:6      | Found a sparkling altar of Nemelex Xobeh.
  5761 | D:6      | Reached skill level 11 in Axes
  6227 | D:7      | Found a sand-covered staircase.
  6234 | Ossuary  | Entered an ossuary
  6646 | D:7      | Reached *** piety under Okawaru
  7260 | D:8      | Noticed a two-headed ogre
  7277 | D:8      | Killed a two-headed ogre
  7278 | D:8      | Reached XP level 10. HP: 84/84 MP: 13/13
  7361 | D:8      | Reached **** piety under Okawaru
  7427 | D:8      | Reached skill level 5 in Invocations
  8646 | D:8      | Noticed a lindwurm
  8646 | D:8      | Noticed a lindwurm
  8646 | D:8      | Noticed a lindwurm
  8647 | D:8      | Noticed a lindwurm
  8655 | D:8      | Killed a lindwurm
  8658 | D:8      | HP: 1/86 [lindwurm (5)]
  8664 | D:8      | Killed from afar by a lindwurm

Illustrated notes

Levels and vault maps discovered:
D:1:      ebering_trefoil_twist, layout_loops_ring,
          shapermc_ecumenical_altar_pompeii
D:2:      layout_basic, serial_shops, shop, minmay_lizard_pond,
          uniq_crazy_yiuf_cottage
D:3:      layout_basic, minmay_overflow_temple_star_quad
D:4:      layout_basic, portal_sewer_entry_a, uniq_sigmund
D:5:      layout_rooms, lemuel_round_altar, minmay_temple_entry_slanted,
          kennysheep_doodads, uniq_eustachio
D:6:      layout_loops_ring, mainiacjoe_overflow_boulevard, serial_shops, shop
D:7:      layout_basic, enter_ossuary_4
D:8:      layout_layer_cave, minmay_lindwurm_lava
Temple:   zaba_magenta_temple

Skill      XL: |  1  2  3  4  5  6  7  8  9 10 |
---------------+-------------------------------+-----
Axes           | 3 4 5 6 9 10 11 | 11.9
Fighting       | 4 5 6 7 |  7.0
Throwing       | 1 2 4 |  4.5
Evocations     | 1 3 4 |  4.8
Armour         | 4 6 |  6.5
Shields        | 4 6 |  6.5
Invocations    | 2 4 5 |  5.4

Action                   |  1- 3 |  4- 6 |  7- 9 | 10-12 || total
-------------------------+-------+-------+-------+-------++-------
Melee: War axe           |   101 |    39 |       |       ||   140
       Broad axe         |       |    33 |   209 |    43 ||   285
Throw: Dart              |     1 |     6 |    20 |    17 ||    44
Invok: Heroism           |       |       |     1 |       ||     1
Evoke: Wand              |       |       |     3 |       ||     3
  Use: Scroll            |       |     5 |     5 |     1 ||    11
       Potion            |       |       |     1 |     1 ||     2
 Stab: Sleeping          |       |       |     4 |       ||     4
Armor: Scale mail        |    48 |    33 |    46 |       ||   127
       Shadow dragon sca |       |       |    65 |    21 ||    86
Dodge: Dodged            |    47 |    44 |    67 |    11 ||   169
Block: Buckler           |    24 |    14 |    37 |     8 ||    83

Table legend: (Time is in decaauts)
 A = Elapsed time spent in this place.
 B = Non-inter-level travel time spent in this place.
 C = Inter-level travel time spent in this place.
 D = Time resting spent in this place.
 E = Time spent auto-exploring this place.
 F = Levels seen in this place.
 G = Mean time per level.
                   A        B        C        D        E       F      G
               +--------+--------+--------+--------+--------+-----+--------+
         Total |   8813 |   8601 |    212 |   1355 |   5637 |  11 |  801.2 |
       Dungeon |   7870 |   7677 |    193 |   1285 |   5020 |   8 |  983.8 |
        Temple |    101 |     82 |     19 |      0 |     68 |   1 |  101.0 |
         Sewer |    584 |    584 |      0 |     70 |    370 |   1 |  584.0 |
       Ossuary |    256 |    256 |      0 |      0 |    178 |   1 |  256.0 |
               +--------+--------+--------+--------+--------+-----+--------+

Top non-repeatable levels by time:
     D:8: 1567 daAuts
     D:6: 1100 daAuts
     D:5: 1083 daAuts
     D:3: 1072 daAuts
     D:2: 829 daAuts
     D:1: 799 daAuts
     D:4: 751 daAuts
     D:7: 666 daAuts
   Sewer: 584 daAuts
 Ossuary: 256 daAuts
  Temple: 101 daAuts
